 Dungeon Crawl Stone Soup version 0.20-a0-277-g7db01f4 (webtiles) character file.

161 dondy the Caller (level 5, 28/28 HPs)
             Began as a Tengu Summoner on Dec 11, 2016.
             Quit the game on level 3 of the Dungeon.
             The game lasted 00:15:59 (3651 turns).

dondy the Caller (Tengu Summoner)                   Turns: 3651, Time: 00:15:59

Health: 28/28      AC:  3    Str:  9    XL:     5   Next: 42%
Magic:  10/10      EV: 12    Int: 16    God:
Gold:   186        SH:  0    Dex: 14    Spells: 1/10 levels left

rFire  . . .     SeeInvis .     (no weapon)
rCold  . . .     Gourm    .     a - +0 robe
rNeg   . . .     Faith    .     (no shield)
rPois  .         Spirit   .     (helmet restricted)
rElec  .         Reflect  .     (no cloak)
rCorr  .         Harm     .     t - +0 pair of gloves
MR     .....                    (boots unavailable)
Stlth  +.........               (no amulet)
                                (no ring)
                                y - ring of loudness (curse)

@: no status effects
A: beak, talons 3, able to fly 1
a: Fly


You were on level 3 of the Dungeon.
You were not hungry.

You visited 1 branch of the dungeon, and saw 3 of its levels.

You collected 186 gold pieces.

Inventory:

Missiles
 i - 2 throwing nets (quivered)
 n - 31 poisoned needles
Armour
 a - a +0 robe (worn)
 g - a +2 leather armour of poison resistance
 t - a +0 pair of gloves (worn)
Jewellery
 y - a cursed ring of loudness (left hand)
Wands
 o - a wand of confusion (13/48)
Scrolls
 f - 2 scrolls of recharging {unknown}
 h - a scroll of magic mapping {unknown}
 k - 2 scrolls of noise {unknown}
 p - a scroll of remove curse {unknown}
 q - a scroll of teleportation {unknown}
 r - 2 scrolls of enchant weapon {unknown}
 s - a scroll of identify {unknown}
 w - a scroll of random uselessness {unknown}
 x - a scroll of fear {unknown}
Potions
 d - a potion of flight {unknown}
 e - 3 potions of curing
 j - a potion of lignification {unknown}
 l - a potion of heal wounds {unknown}
 m - 2 potions of might {unknown}
 u - a potion of haste {unknown}
 v - a potion of resistance {unknown}
Books
 b - a book of Callings

   Spells                             Type                      Level
   a - Summon Small Mammal            Summoning                    1
   b - Call Imp                       Summoning                    2
   c - Call Canine Familiar           Summoning                    3
   d - Summon Guardian Golem          Hexes/Summoning              3
   e - Summon Lightning Spire         Summoning/Air                4
   f - Summon Ice Beast               Ice/Summoning                4
Comestibles
 c - 2 bread rations
 z - a chunk of flesh


   Skills:
 - Level 2.1 Dodging
 - Level 2.0 Stealth
 + Level 3.1 Spellcasting
 * Level 7.1 Summonings


You had one spell level left.
You knew the following spells:

 Your Spells              Type           Power        Failure   Level  Hunger
a - Summon Small Mammal   Summ           ####         1%          1    None
b - Call Imp              Summ           ####....     1%          2    ##.....
c - Call Canine Familiar  Summ           ####....     3%          3    ###....
d - Summon Guardian Gole  Hex/Summ       ##......     14%         3    ###....


Dungeon Overview and Level Annotations

Branches:
Dungeon (3/15)

Altars:
Nemelex Xobeh

Annotations:
D:3 Sigmund


Innate Abilities, Weirdness & Mutations

You have a beak for a mouth.
You have claws for feet.
You can fly.


Message History

You see here 2 chunks of flesh.
z - 2 chunks of flesh You start resting.
You are feeling hungry.
Eat one of 2 chunks of flesh? (ye/n/q)
You start eating one of the 2 chunks of flesh.
This raw flesh tastes terrible.
You start resting.
Magic restored.
You start resting.
HP restored.
Your white imp disappears in a puff of smoke!
Your hound disappears in a puff of smoke!
Found an onyx ring.
You see here an onyx ring.
y - an onyx ring Put on which piece of jewellery? (? for menu, Esc to quit)
Oops, that ring feels deathly cold.
y - a cursed ring of loudness (left hand) Are you sure you want to abandon this character and quit the game? (Confirm with "yes".)

#.# #.# #.# #.# #.# #.# ## #.#
(# #@# .# ##### #.#
.####(..##### #.# ............#
#.# .####...###.# #.# #####...#
#.## #.# ########
....ยง######..###.####......##.
.............................
####.#######.###.###.......#


There were no monsters in sight!

Vanquished Creatures
  A bat (D:3)
  A giant cockroach (D:1)
  A goblin (D:3)
  A hobgoblin (D:3)
  A frilled lizard (D:2)
  2 rats (D:2)
7 creatures vanquished.

Vanquished Creatures (collateral kills)
  A bullfrog skeleton (D:3)
  Natasha (thrice) (D:3)
  5 adders
  6 gnolls
  2 worms
  2 dart slugs (D:2)
  3 leopard geckos
  An orc (D:3)
  2 giant cockroaches
  10 goblins
  6 hobgoblins
  5 jackals
  2 quokkas
  5 bats
  6 frilled lizards
  6 kobolds
  3 rats
68 creatures vanquished.

Grand Total: 75 creatures vanquished

Notes
Turn   | Place    | Note
-------+----------+-------------------------------------------
     0 | D:1      | dondy the Tengu Summoner began the quest for the Orb.
     0 | D:1      | Reached XP level 1. HP: 10/10 MP: 4/4
   263 | D:1      | Reached skill level 5 in Summonings
   608 | D:1      | Reached XP level 2. HP: 15/15 MP: 3/6
   615 | D:1      | Learned a level 2 spell: Call Imp
   797 | D:1      | Found a sparkling altar of Nemelex Xobeh.
  1061 | D:2      | Reached XP level 3. HP: 19/19 MP: 2/7
  1066 | D:2      | Learned a level 3 spell: Call Canine Familiar
  1541 | D:2      | Reached skill level 6 in Summonings
  2001 | D:2      | Reached XP level 4. HP: 19/24 MP: 4/8
  2245 | D:3      | Noticed Natasha
  2256 | D:3      | Killed Natasha
  2853 | D:3      | Gained mutation: You can fly. [Tengu growth]
  2853 | D:3      | Reached XP level 5. HP: 28/28 MP: 1/10
  3056 | D:3      | Learned a level 3 spell: Summon Guardian Golem
  3119 | D:3      | Noticed Natasha
  3309 | D:3      | Killed Natasha
  3309 | D:3      | Reached skill level 7 in Summonings
  3392 | D:3      | Noticed Sigmund
  3528 | D:3      | Noticed Natasha
  3534 | D:3      | Killed Natasha
  3651 | D:3      | Quit the game

Vault maps used:
D:1:      kennysheep_arrival_seaside, nemelex_xobeh_ov_fountains_minmay
D:2:      small_statue_intersection
D:3:      uniq_natasha, uniq_sigmund

Skill      XL: |  1  2  3  4  5 |
---------------+----------------+-----
Summonings     | 5 6 7 |  7.1
Spellcasting   | 3 |  3.1
Dodging        | |  2.1
Stealth        | |  2.0

Action                   |  1- 3 |  4- 6 || total
-------------------------+-------+-------++-------
Melee: Unarmed           |    39 |    14 ||    53
       Kick              |    10 |     3 ||    13
       Peck              |     5 |     3 ||     8
 Cast: Summon Small Mamm |    17 |     3 ||    20
       Call Imp          |    14 |    16 ||    30
       Call Canine Famil |    10 |    12 ||    22
 Stab: Sleeping          |     1 |       ||     1
       Distracted        |       |     1 ||     1
  Eat: Chunk             |     5 |     8 ||    13
Armor: Robe              |     7 |     7 ||    14
Dodge: Dodged            |    48 |    13 ||    61
